 Dungeon Crawl Stone Soup version bcrawl-1.24.2 (webtiles) character file.

Game seed: 9011960414329969290

826 Freyura the Skirmisher (level 7, -2/46 HPs)
             Began as a Gargoyle Fighter on June 21, 2020.
             Slain by a centaur (3 damage)
             ... on level 5 of the Dungeon.
             The game lasted 00:08:23 (3620 turns).

Freyura the Skirmisher (Gargoyle Fighter)           Turns: 3620, Time: 00:08:23

Health: -2/46      AC: 13    Str: 24    XL:     7   Next: 96%
Magic:  7/7        EV:  7    Int:  9    God:
Gold:   372        SH: 10    Dex: 11    Spells: 6/6 levels left

rFire    . . .     SeeInvis .   a - +1 flail
rCold    . . .     Gourm    .   c - +0 medium shield
rNeg     + . .     Faith    .   b - +0 scale mail
rPois    ∞         Spirit   .   (no helmet)
rElec    +         Reflect  .   h - +0 cloak
rCorr    .         Harm     .   (no gloves)
MR       .....                  (no boots)
Stlth    ..........             (no amulet)
HPRegen  0.15/turn              (no ring)
MPRegen  0.10/turn              (no ring)

@: mighty
A: negative energy resistance 1, electricity resistance, unbreathing,
petrification resistance, rot immunity, AC +4
a: no special abilities


You were on level 5 of the Dungeon.
You were not hungry.

You visited 1 branch of the dungeon, and saw 5 of its levels.

You collected 372 gold pieces.

Inventory:

Hand Weapons
 a - a +1 flail (weapon)
Armour
 b - a +0 scale mail (worn)
 c - a +0 medium shield (worn)
 h - a +0 cloak (worn)
 r - the +8 robe of Folly {Archmagi, MR- EV-8 Int+8 Slay+8 Stlth--}
   (You found it on level 4 of the Dungeon)

   It affects your evasion (-8).
   It affects your intelligence (+8).
   It affects your accuracy and damage with ranged weapons and melee attacks
   (+8).
   It affects your resistance to hostile enchantments.
   It makes you much less stealthy.
Scrolls
 g - a scroll of remove curse {unknown}
 i - a scroll of fear
 j - a scroll of magic mapping
 k - 2 scrolls of identify
 l - a scroll of noise {unknown}
 m - a scroll of teleportation
 n - a scroll of fog
Potions
 d - a potion of might
 f - 2 potions of haste
 o - a potion of resistance {unknown}
 p - 2 potions of heal wounds {unknown}
 q - a potion of degeneration {unknown}
 s - a potion of curing {unknown}
Comestibles
 e - 5 rations {!d}
 t - 2 chunks of flesh


   Skills:
 * Level 6.0 Fighting
 * Level 5.0 Maces & Flails
 + Level 4.7 Armour
 + Level 2.3 Dodging
 + Level 4.8 Shields


You had 6 spell levels left.
You didn't know any spells.
Your spell library was empty.

Dungeon Overview and Level Annotations

Branches:
Dungeon (5/12)
 Temple: D:4-7

Altars:


Innate Abilities, Weirdness & Mutations

You are resistant to torment.
Your stone body is resilient. (AC +4)
You are immune to poison.
You resist negative energy. (rN+)
You are resistant to electric shocks. (rElec)
You can survive without breathing.
You are immune to petrification.
You are immune to rotting.


Message History

You kill the ogre!
Your Fighting skill increases to level 6!
Your Maces & Flails skill increases to level 5!
The gnoll hits you with a +0 spear.
* * * LOW HITPOINT WARNING * * *
You block the gnoll's attack. The gnoll completely misses you.
You sock the gnoll!
You kill the gnoll!
The centaur shoots an arrow.
You block the arrow.
The centaur shoots an arrow.
The arrow hits you but does no damage.
The centaur unwields a +0 shortbow.
The centaur hits you but does no damage.
You see here a +0 spear.
You sock the centaur!
The centaur is severely wounded.
The centaur hits you.
* * * LOW HITPOINT WARNING * * *
The centaur hits you.
You die...

<....##..........(.#
..##..........<##..##
#......#..............
#....#...............#
#..............#......
.##....###.<.......##..#
.......#.....>##.... a.
####........÷.#.###.###
. #.....##c@.####.# ...
#.... ##.#.# .. .#
#.....#..#)# ..#
#.....)....# ...
#.......###........
#........ .....##
#......### ....##
###.... ###... #....
....


You could see a centaur.

Vanquished Creatures
  A steam dragon (D:5)
  A crocodile (D:4)
  An ogre (D:5)
  A scorpion (D:5)
  A bullfrog zombie (D:3)
  A hound (D:4)
  An orc wizard (D:4)
  A centaur skeleton (D:5)
  An iguana (D:4)
  2 worker ants
  A hound zombie (D:3)
  A howler monkey skeleton (D:5)
  2 worker ant zombies
  6 gnolls
  4 adders
  A shadow imp (D:4)
  2 oozes
  3 adder skeletons
  3 worms
  2 dart slugs (D:1)
  7 leopard geckos
  4 orcs
  3 giant cockroaches
  4 goblins (D:1)
  10 hobgoblins
  4 jackals
  3 quokkas
  2 ball pythons (D:1)
  A ball python zombie (D:3)
  7 bats
  6 frilled lizards
  6 kobolds
  3 quokka zombies (D:3)
  6 rats
102 creatures vanquished.

Notes
Turn   | Place    | Note
-------+----------+-------------------------------------------
     0 | D:1      | Freyura the Gargoyle Fighter began the quest for the Orb.
     0 | D:1      | Reached XP level 1. HP: 14/14 MP: 1/1
    37 | D:1      | Reached XP level 2. HP: 16/19 MP: 2/2
   365 | D:1      | Reached XP level 3. HP: 10/24 MP: 3/3
  1200 | D:2      | Reached XP level 4. HP: 29/29 MP: 4/4
  1267 | D:2      | Reached skill level 4 in Fighting
  1397 | D:2      | Reached skill level 1 in Dodging
  1745 | D:3      | Reached XP level 5. HP: 32/33 MP: 5/5
  2796 | D:4      | Reached XP level 6. HP: 39/39 MP: 6/6
  3043 | D:4      | Noticed a crocodile
  3053 | D:4      | Killed a crocodile
  3053 | D:4      | Reached skill level 5 in Fighting
  3220 | D:4      | Reached XP level 7. HP: 44/44 MP: 7/7
  3245 | D:4      | Found the +8 robe of Folly {Archmagi, MR- EV-8 Int+8 Slay+8
                  | Stlth--}
  3374 | D:5      | Entered Level 5 of the Dungeon
  3374 | D:5      | Noticed a steam dragon
  3387 | D:5      | Killed a steam dragon
  3616 | D:5      | Reached skill level 6 in Fighting
  3616 | D:5      | Reached skill level 5 in Maces & Flails
  3616 | D:5      | HP: 1/46 [gnoll/+0 spear (5)]
  3620 | D:5      | Slain by a centaur

Skill      XL: |  1  2  3  4  5  6  7 |
---------------+----------------------+-----
Fighting       | 4 5 6 |  6.0
Maces & Flails | 3 4 5 |  5.0
Dodging        | 1 2 |  2.3
Armour         | 4 |  4.7
Shields        | 4 |  4.8

Action                   |  1- 3 |  4- 6 |  7- 9 || total
-------------------------+-------+-------+-------++-------
Melee: Flail             |   191 |   227 |    70 ||   488
  Use: Scroll            |       |     6 |       ||     6
       Potion            |       |       |     1 ||     1
  Eat: Chunk             |     1 |     7 |     2 ||    10
Armor: Scale mail        |   115 |   122 |    45 ||   282
Dodge: Dodged            |    44 |    50 |    27 ||   121
Block: Medium shield     |   125 |    94 |    46 ||   265
